MLB
MILWAUKEE BREWERS @ WASHINGTON NATIONALS
09/02/2098
 
TOP OF THE 1ST
Milwaukee Brewers batting - Pitching for Washington Nationals : RHP Thomas Strange
Pitching: RHP Thomas Strange
Batting: RHB Byron Weaver 0-0: SOLO HOME RUN (Line Drive, 78XD, EV 106.3 MPH), Distance : 424 ft
Batting: RHB Joe Hardie 0-0: Foul Ball, location: 9LDF
0-1: Ground out U3 (Groundball, 3, EV 83.1 MPH)
Batting: LHB Alex Cruz 0-0: Ball
1-0: Called Strike
1-1: Swinging Strike
1-2: Foul Ball, location: 7LDF
1-2: Strikes out swinging
Batting: RHB Johnny Curet 0-0: Called Strike
0-1: Ground out 5-3 (Groundball, 5, EV 85.6 MPH)
Top of the 1st over - 1 run, 1 hit, 0 errors, 0 left on base; Milwaukee 1 - Washington 0
BOTTOM OF THE 1ST
Washington Nationals batting - Pitching for Milwaukee Brewers : LHP Mike Williams
Pitching: LHP Mike Williams
Batting: RHB Luis Rivera 0-0: Fly out, F9 (Line Drive, 9LM, EV 105.0 MPH)
Batting: RHB Isaiah Williams 0-0: Ball
1-0: Called Strike
1-1: DOUBLE (Line Drive, 7LS, EV 99.4 MPH)
Batting: LHB Bubba Main 0-0: Ball
1-0: Called Strike
1-1: Fly out, F6 (Popup, 6MD, EV 72.5 MPH)
Batting: RHB Mario Garcia 0-0: Hit by Pitch
Batting: RHB Pat Esker 0-0: Swinging Strike
0-1: Called Strike
0-2: Ball
Passed Ball!
Isaiah Williams to third
Mario Garcia to second
1-2: Fly out, F8 (Flyball, 8LM, EV 81.3 MPH)
Bottom of the 1st over - 0 runs, 1 hit, 0 errors, 2 left on base; Milwaukee 1 - Washington 0
TOP OF THE 2ND
Milwaukee Brewers batting - Pitching for Washington Nationals : RHP Thomas Strange
Batting: SHB Mikizo Kubo 0-0: Called Strike
0-1: Called Strike
0-2: Strikes out swinging
Batting: SHB Roberto Lima 0-0: Called Strike
0-1: Ball
1-1: Ball
2-1: SINGLE (Groundball, 13S, EV 63.8 MPH) (infield hit)
Batting: SHB Jamie Saxton 0-0: Swinging Strike
0-1: Grounds out, U3 (Groundball, 3L, EV 78.8 MPH)
Batting: RHB Josh Merklin 0-0: Called Strike
0-1: Foul Ball, location: 5F
0-2: Strikes out swinging
Top of the 2nd over - 0 runs, 1 hit, 0 errors, 1 left on base; Milwaukee 1 - Washington 0
BOTTOM OF THE 2ND
Washington Nationals batting - Pitching for Milwaukee Brewers : LHP Mike Williams
Batting: LHB Jose Lara 0-0: Foul Ball, location: 2F
0-1: Ball
1-1: Fly out, F6 (Popup, 6D, EV 69.4 MPH)
Batting: LHB Sean Weaver 0-0: Foul Ball, location: 7LMF
0-1: Ball
1-1: Foul Ball, location: 7LDF
1-2: Ball
2-2: SINGLE (Flyball, 7, EV 83.1 MPH)
Batting: LHB Juan Chavez 0-0: Ball
1-0: Ball
2-0: Ball
3-0: Called Strike
3-1: Foul Ball, location: 23F
3-2: Foul Ball, location: 7LSF
3-2: SINGLE (Groundball, 34D, EV 102.5 MPH)
Sean Weaver to second
Batting: RHB Juan Lozano 0-0: Ball
1-0: Called Strike
1-1: Ball
2-1: Foul Ball, location: 23FF
2-2: Strikes out swinging
Batting: RHB Luis Rivera 0-0: Ball
1-0: Called Strike
1-1: Ball
2-1: Ground out 4-3 (Groundball, 4, EV 96.3 MPH)
Bottom of the 2nd over - 0 runs, 2 hits, 0 errors, 2 left on base; Milwaukee 1 - Washington 0
TOP OF THE 3RD
Milwaukee Brewers batting - Pitching for Washington Nationals : RHP Thomas Strange
Batting: SHB Josh Harder 0-0: Ball
1-0: Fly out, F8 (Line Drive, 8LS, EV 88.1 MPH)
Batting: RHB Byron Weaver 0-0: Ball
1-0: Ground out 6-3 (Groundball, 6, EV 87.5 MPH)
Batting: RHB Joe Hardie 0-0: Ball
1-0: Swinging Strike
1-1: Ball
2-1: Foul Ball, location: 9LMF
2-2: Strikes out swinging
Top of the 3rd over - 0 runs, 0 hits, 0 errors, 0 left on base; Milwaukee 1 - Washington 0
BOTTOM OF THE 3RD
Washington Nationals batting - Pitching for Milwaukee Brewers : LHP Mike Williams
Batting: RHB Isaiah Williams 0-0: Fly out, F7 (Flyball, 7LM, EV 88.1 MPH)
Batting: LHB Bubba Main 0-0: Called Strike
0-1: Ball
1-1: Fly out, F8 (Flyball, 8LM, EV 96.3 MPH)
Batting: RHB Mario Garcia 0-0: Foul Ball, location: 2F
0-1: Ball
1-1: Reached on error, E5 (Groundball, 5, EV 83.8 MPH)
Batting: RHB Pat Esker 0-0: Ball
1-0: Swinging Strike
1-1: Ball
2-1: Fly out, F7 (Flyball, 7S, EV 93.1 MPH)
Bottom of the 3rd over - 0 runs, 0 hits, 1 error, 1 left on base; Milwaukee 1 - Washington 0
TOP OF THE 4TH
Milwaukee Brewers batting - Pitching for Washington Nationals : RHP Thomas Strange
Batting: LHB Alex Cruz 0-0: Ball
1-0: Called Strike
1-1: Ball
2-1: Foul Ball, location: 7LSF
2-2: Fly out, F9 (Flyball, 9LD, EV 81.9 MPH)
Batting: RHB Johnny Curet 0-0: Ball
1-0: Foul Ball, location: 2F
1-1: Foul Ball, location: 2LF
1-2: Ball
2-2: Ball
3-2: Base on Balls
Batting: SHB Mikizo Kubo 0-0: Swinging Strike
0-1: Ball
Johnny Curet steals 2nd base
1-1: Ball
2-1: Foul Ball, location: 7LSF
2-2: Foul Ball, location: 23FF
2-2: 2-RUN HOME RUN (Flyball, 89XD, EV 105.0 MPH), Distance : 402 ft
Batting: SHB Roberto Lima 0-0: Foul Ball, location: 25FF
0-1: Foul Ball, location: 9LMF
0-2: Ball
1-2: SINGLE (Line Drive, 3D, EV 109.4 MPH)
Batting: SHB Jamie Saxton 0-0: Called Strike
0-1: Ball
1-1: Ball
2-1: Foul Ball, location: 23F
2-2: Ball
3-2: Foul Ball, location: 2F
3-2: DOUBLE (Line Drive, 7LM, EV 88.1 MPH)
Roberto Lima to third
Batting: RHB Josh Merklin 0-0: Ball
1-0: Ball
2-0: Ball
3-0: Called Strike
3-1: Foul Ball, location: 5SF
3-2: Foul Ball, location: 2F
3-2: Foul Ball, location: 25FF
3-2: Foul Ball, location: 7LMFF
3-2: Foul Ball, location: 2F
3-2: Foul Ball, location: 2F
3-2: Foul Ball, location: 2F
3-2: Base on Balls
Batting: SHB Josh Harder 0-0: Ball
1-0: Ball
2-0: Ground out 4-3 (Groundball, 3D, EV 110.6 MPH)
Roberto Lima scores
Jamie Saxton to third
Josh Merklin to second
Batting: RHB Byron Weaver 0-0: Called Strike
0-1: Ball
1-1: Ball
2-1: Swinging Strike
2-2: Ball
3-2: Foul Ball, location: 9LSF
3-2: Ground out 5-3 (Groundball, 56, EV 100.0 MPH)
Top of the 4th over - 3 runs, 3 hits, 0 errors, 2 left on base; Milwaukee 4 - Washington 0
BOTTOM OF THE 4TH
Washington Nationals batting - Pitching for Milwaukee Brewers : LHP Mike Williams
Batting: LHB Jose Lara 0-0: Fly out, F6 (Popup, 6S, EV 80.0 MPH)
Batting: LHB Sean Weaver 0-0: Ball
1-0: SINGLE (Line Drive, 78S, EV 90.6 MPH)
Batting: LHB Juan Chavez 0-0: Called Strike
0-1: Called Strike
0-2: Ball
1-2: Foul Ball, location: 23F
1-2: Foul Ball, location: 5F
1-2: Foul Ball, location: 7LMF
1-2: Strikes out swinging
Batting: RHB Juan Lozano 0-0: Ball
1-0: Ball
2-0: Called Strike
2-1: DOUBLE (Flyball, 89D, EV 91.3 MPH)
Sean Weaver to third
Batting: RHB Luis Rivera 0-0: Ball
1-0: Ground out 5-3 (Groundball, 5, EV 88.8 MPH)
Bottom of the 4th over - 0 runs, 2 hits, 0 errors, 2 left on base; Milwaukee 4 - Washington 0
TOP OF THE 5TH
Milwaukee Brewers batting - Pitching for Washington Nationals : RHP Thomas Strange
Batting: RHB Joe Hardie 0-0: Ball
1-0: Ground out 6-3 (Groundball, 6, EV 82.5 MPH)
Batting: LHB Alex Cruz 0-0: Foul Ball, location: 2F
0-1: Called Strike
0-2: Fly out, F7 (Flyball, 7, EV 96.9 MPH)
Batting: RHB Johnny Curet 0-0: Ball
1-0: Called Strike
1-1: Swinging Strike
1-2: Ball
2-2: Foul Ball, location: 5F
2-2: Ball
3-2: Base on Balls
Pitching: RHP Edwin Figueroa
Batting: SHB Mikizo Kubo 0-0: Called Strike
0-1: Ball
1-1: Ball
2-1: Swinging Strike
2-2: Ball
3-2: Foul Ball, location: 25FF
3-2: Base on Balls
Johnny Curet to second
Batting: SHB Roberto Lima 0-0: Called Strike
0-1: Called Strike
0-2: Strikes out swinging
Top of the 5th over - 0 runs, 0 hits, 0 errors, 2 left on base; Milwaukee 4 - Washington 0
BOTTOM OF THE 5TH
Washington Nationals batting - Pitching for Milwaukee Brewers : LHP Mike Williams
Batting: RHB Isaiah Williams 0-0: SOLO HOME RUN (Flyball, 78XD, EV 96.9 MPH), Distance : 395 ft
Batting: LHB Bubba Main 0-0: Called Strike
0-1: Fly out, F8 (Flyball, 78S, EV 93.8 MPH)
Batting: RHB Mario Garcia 0-0: Ball
1-0: Fly out, F9 (Flyball, 89S, EV 81.3 MPH)
Batting: RHB Pat Esker 0-0: Ball
1-0: Called Strike
1-1: Foul Ball, location: 9LSF
1-2: Fly out, F9 (Flyball, 9, EV 90.0 MPH)
Bottom of the 5th over - 1 run, 1 hit, 0 errors, 0 left on base; Milwaukee 4 - Washington 1
TOP OF THE 6TH
Milwaukee Brewers batting - Pitching for Washington Nationals : RHP Edwin Figueroa
Batting: SHB Jamie Saxton 0-0: Called Strike
0-1: Swinging Strike
0-2: Ball
1-2: Foul Ball, location: 23FF
1-2: Ball
2-2: Strikes out looking
Batting: RHB Josh Merklin 0-0: Fly out, F6 (Popup, 6M, EV 76.3 MPH)
Batting: SHB Josh Harder 0-0: Ball
1-0: Swinging Strike
1-1: Foul Ball, location: 2F
1-2: Ground out U3 (Groundball, 34, EV 105.6 MPH)
Top of the 6th over - 0 runs, 0 hits, 0 errors, 0 left on base; Milwaukee 4 - Washington 1
BOTTOM OF THE 6TH
Washington Nationals batting - Pitching for Milwaukee Brewers : LHP Mike Williams
Batting: LHB Jose Lara 0-0: Foul Ball, location: 2F
0-1: Fly out, F7 (Flyball, 7D, EV 101.3 MPH)
Batting: LHB Sean Weaver 0-0: Ball
1-0: Fly out, F8 (Flyball, 8RXD, EV 90.0 MPH)
Batting: LHB Juan Chavez 0-0: Called Strike
0-1: Fly out, F7 (Flyball, 7, EV 83.1 MPH)
Bottom of the 6th over - 0 runs, 0 hits, 0 errors, 0 left on base; Milwaukee 4 - Washington 1
TOP OF THE 7TH
Milwaukee Brewers batting - Pitching for Washington Nationals : RHP Edwin Figueroa
Batting: RHB Byron Weaver 0-0: Ball
1-0: Ball
2-0: Called Strike
2-1: Foul Ball, location: 25F
2-2: Fly out, F8 (Flyball, 8RD, EV 108.1 MPH)
Batting: RHB Joe Hardie 0-0: Called Strike
0-1: Swinging Strike
0-2: Foul Ball, location: 9LDF
0-2: Strikes out swinging
Batting: LHB Alex Cruz 0-0: Ball
1-0: Fly out, F5 (Popup, 25F, EV 94.4 MPH)
Top of the 7th over - 0 runs, 0 hits, 0 errors, 0 left on base; Milwaukee 4 - Washington 1
BOTTOM OF THE 7TH
Washington Nationals batting - Pitching for Milwaukee Brewers : LHP Mike Williams
Batting: RHB Juan Lozano 0-0: Swinging Strike
0-1: Swinging Strike
0-2: Ball
1-2: Foul Ball, location: 7LDF
1-2: Ground out 6-3 (Groundball, 56, EV 104.4 MPH)
Batting: RHB Luis Rivera 0-0: Ground out 4-3 (Groundball, 4MS, EV 61.9 MPH)
Batting: RHB Isaiah Williams 0-0: Fly out, F7 (Flyball, 7S, EV 87.5 MPH)
Bottom of the 7th over - 0 runs, 0 hits, 0 errors, 0 left on base; Milwaukee 4 - Washington 1
TOP OF THE 8TH
Milwaukee Brewers batting - Pitching for Washington Nationals : RHP Edwin Figueroa
Batting: RHB Johnny Curet 0-0: Ball
1-0: Ball
2-0: Foul Ball, location: 2F
2-1: Foul Ball, location: 5SF
2-2: Strikes out swinging
Batting: SHB Mikizo Kubo 0-0: Foul Ball, location: 5DF
0-1: Swinging Strike
0-2: Ball
1-2: SINGLE (Line Drive, 6D, EV 98.8 MPH)
Pitching: RHP Tomas Diaz
Batting: SHB Roberto Lima 0-0: Called Strike
0-1: Ball
1-1: Foul Ball, location: 23FF
1-2: Foul Ball, location: 7LSF
1-2: Ball
2-2: SINGLE (Line Drive, 6MD, EV 97.5 MPH)
Mikizo Kubo to second
Runner from 2nd tries for 3rd, SAFE, no throw by CF
Batting: SHB Jamie Saxton 0-0: Ball
1-0: Swinging Strike
1-1: Ball
2-1: Fielders Choice attempt at home, Runner SAFE. 4-2 (Groundball, 34, EV 88.1 MPH)
Roberto Lima to second
Batting: RHB Josh Merklin 0-0: Ball
1-0: Foul Ball, location: 9LSF
1-1: Foul Ball, location: 3F
1-2: Strikes out swinging
Batting: SHB Josh Harder 0-0: Ball
1-0: Swinging Strike
1-1: Fielders Choice at 3rd, U5 (Groundball, 5, EV 83.8 MPH)
Top of the 8th over - 1 run, 2 hits, 0 errors, 1 left on base; Milwaukee 5 - Washington 1
BOTTOM OF THE 8TH
Washington Nationals batting - Pitching for Milwaukee Brewers : LHP Mike Williams
Batting: LHB Bubba Main 0-0: Called Strike
0-1: Ground out 4-3 (Groundball, 4, EV 98.8 MPH)
Batting: RHB Mario Garcia 0-0: Called Strike
0-1: Reached on error, E3 (Groundball, 34S, EV 71.3 MPH)
Batting: RHB Pat Esker 0-0: Ball
1-0: Swinging Strike
1-1: Swinging Strike
1-2: SINGLE (Line Drive, 8RS, EV 87.5 MPH)
Mario Garcia to second
Pitching: RHP Ryan Silton
Batting: LHB Jose Lara 0-0: Fly out, F8 (Flyball, 78D, EV 106.9 MPH)
Batting: LHB Sean Weaver 0-0: Ball
1-0: Ball
2-0: Called Strike
2-1: Ball
3-1: Called Strike
3-2: Strikes out swinging
Bottom of the 8th over - 0 runs, 1 hit, 1 error, 2 left on base; Milwaukee 5 - Washington 1
TOP OF THE 9TH
Milwaukee Brewers batting - Pitching for Washington Nationals : RHP Tomas Diaz
Batting: RHB Byron Weaver 0-0: Ball
1-0: Foul Ball, location: 2F
1-1: Called Strike
1-2: Strikes out looking
Batting: RHB Joe Hardie 0-0: Foul Ball, location: 23FF
0-1: Swinging Strike
0-2: Ball
1-2: Ball
2-2: Foul Ball, location: 3SF
2-2: Ball
3-2: Foul Ball, location: 3SF
3-2: Foul Ball, location: 2F
3-2: Ground out 5-3 (Groundball, 56, EV 86.9 MPH)
Batting: LHB Alex Cruz 0-0: Ball
1-0: Called Strike
1-1: Swinging Strike
1-2: Strikes out looking
Top of the 9th over - 0 runs, 0 hits, 0 errors, 0 left on base; Milwaukee 5 - Washington 1
BOTTOM OF THE 9TH
Washington Nationals batting - Pitching for Milwaukee Brewers : RHP Ryan Silton
Batting: LHB Juan Chavez 0-0: Ball
1-0: Ball
2-0: Ball
3-0: Swinging Strike
3-1: Called Strike
3-2: Foul Ball, location: 7LSF
3-2: Strikes out swinging
Pinch Hitting: LHB Jesus Medrano 0-0: Called Strike
0-1: Swinging Strike
0-2: Foul Ball, location: 2F
0-2: Strikes out swinging
Batting: RHB Luis Rivera 0-0: Foul Ball, location: 5FF
0-1: SINGLE (Groundball, 6M, EV 99.4 MPH) (infield hit)
Batting: RHB Isaiah Williams 0-0: Called Strike
0-1: Ball
1-1: Swinging Strike
1-2: Fly out, F9 (Flyball, 89S, EV 92.5 MPH)
Bottom of the 9th over - 0 runs, 1 hit, 0 errors, 1 left on base; Milwaukee 5 - Washington 1
Sunday, April 14th , 2024 - OOTP Baseball 24.11 Build 85